 Dungeon Crawl Stone Soup version 0.31-a0-73-g838c19eb66 (webtiles) character file.

Game seed: 3248841129445533708

69 Colgate the Grave Robber (level 4, -2/33 HPs)
             Began as a Meteoran Necromancer on May 23, 2023.
             Constricted to death by Ijyb (5 damage)
             ... on level 3 of the Dungeon.
             The game lasted 00:02:39 (194 turns).

Colgate the Grave Robber (Meteoran Necromancer)      Turns: 194, Time: 00:02:40

Health: -2/33      AC:  2    Str:  9    XL:     4   Next: 70%
Magic:  2/9        EV:  9    Int: 19    God:
Gold:   3          SH:  0    Dex: 14    Spells: 0/8 levels left

rFire   . . .        c - +0 dagger
rCold   . . .        (no shield)
rNeg    . . .        a - +0 robe
rPois   .            (no helmet)
rElec   .            (no cloak)
rCorr   .            (no gloves)
SInv    .            (no boots)
Will    .....        (no amulet)
Stlth   +            (no ring)
HPRegen 0.25/turn    (no ring)
MPRegen 0.11/turn

%: no passive effects
@: grasped by roots, glowing, constricted
A: sense surroundings 1, otherworldly, glowing, explore regen
a: no special abilities


You were on level 3 of the Dungeon.
You visited 1 branch of the dungeon, and saw 4 of its levels.

You collected 3 gold pieces.

Inventory:

Hand Weapons
 c - a +0 dagger (weapon)
Armour
 a - a +0 robe (worn)
Potions
 b - a potion of magic


   Skills:
 - Level 2.4 Dodging
 - Level 1.4 Stealth
 + Level 2.6 Spellcasting
 - Level 6.2 Necromancy


You couldn't memorise any spells.
You knew the following spells:

 Your Spells              Type           Power      Damage    Failure   Level
a - Necrotise             Necr           100%       1d9       1%          1
b - Vampiric Draining     Necr           26%        2d7       3%          3
c - Animate Dead          Necr           26%        N/A       12%         4

Your spell library contained the following spells:

 Spells                   Type           Power      Damage    Failure   Level
 Agony                    Necr           26%        N/A       34%         5


Dungeon Overview and Level Annotations

Branches:
Dungeon (4/15) Zot: 2205
 Temple: D:4-7

Altars:

Annotations:
D:3 Ijyb


Innate Abilities, Weirdness & Mutations

You passively map a small area around you.
You are easily found by Zot.
You glow in the dark.
You regain HP and MP as you explore.


Message History

Aim: Ijyb, wielding a +9 club, wearing a +0 ring mail and carrying a wand of roots (7) (chance to affect: 88%) Ijyb barely resists.
Aiming: Necrotise (safe; 1% risk of failure)
Aim: Ijyb, wielding a +9 club, wearing a +0 ring mail and carrying a wand of roots (7) (chance to affect: 88%) Ijyb writhes in agony.
Aiming: Necrotise (safe; 1% risk of failure)
Aim: Ijyb, wielding a +9 club, wearing a +0 ring mail and carrying a wand of roots (7) (lightly wounded, chance to affect: 88%) Ijyb barely resists.
You hit Ijyb but do no damage.
Ijyb zaps a wand.
The roots erupt in riotous growth!
The grasping roots grab you!
Ijyb is unaffected.
The grasping roots constrict you.
You hear an angry hiss.
You hear a bark!
You hear an angry hiss. x2
You hear a shout!
Casting: Necrotise (safe; 1% risk of failure)
Aiming: Vampiric Draining (dangerous; 3% risk of failure)
Aim: Ijyb, wielding a +9 club, wearing a +0 ring mail and carrying a wand of roots (6) (lightly wounded)
You draw life force from Ijyb!
You feel life coursing into your body!
Ijyb drinks a potion.
Ijyb flickers and vanishes!
Deactivating autopickup; reactivate with Ctrl-A.
You are constricted.
The grasping roots release their grip on you.
You miss something. Something hits you.
Okay, then.
You barely miss something.
You hear a zap.
The roots erupt in riotous growth!
The grasping roots grab you!
You are constricted.
* * * LOW HITPOINT WARNING * * *
The roots grasp on you weakens, but your attempt to escape fails.
Something hits you.
* * * LOW HITPOINT WARNING * * *
You are constricted.
* * * LOW HITPOINT WARNING * * *
The roots grasp on you weakens, but your attempt to escape fails.
Something hits you.
* * * LOW HITPOINT WARNING * * *
You are constricted.
You die...

, * , * * ,, , , #
** * , * ,* * ***
, , .# , *, .##* ,
, , ,, ... , ,
########
####.#########
,+....{.#
#............. , *
#@###..#######.###
#..)>..........#
** *
######.#########
#.# #.# #.# #.#
#.. ,, ###


There were no monsters in sight!

Vanquished Creatures
  Jessica (D:3)
  An orc wizard (D:3)
  A ball python (D:3)
  A bat (D:3)
  A hobgoblin (D:2)
  A kobold (D:2)
  A quokka (D:2)
  A frilled lizard (D:3)
  A goblin (D:2)
  A rat (D:1)
10 creatures vanquished.

Vanquished Creatures (collateral kills)
  An adder (D:3)
1 creature vanquished.

Grand Total: 11 creatures vanquished

Notes
Turn   | Place    | Note
-------+----------+-------------------------------------------
     0 | D:1      | Colgate the Meteoran Necromancer began the quest for the
                  | Orb.
     0 | D:1      | Reached XP level 1. HP: 14/14 MP: 5/5
    75 | D:3      | Reached XP level 2. HP: 20/20 MP: 2/6
    87 | D:3      | Reached skill level 5 in Necromancy
   106 | D:2      | Reached XP level 3. HP: 26/26 MP: 0/8
   125 | D:3      | Noticed Jessica
   128 | D:3      | Killed Jessica
   129 | D:3      | Reached XP level 4. HP: 30/33 MP: 0/9
   133 | D:3      | Learned a level 3 spell: Vampiric Draining
   138 | D:3      | Learned a level 4 spell: Animate Dead
   183 | D:3      | Reached skill level 6 in Necromancy
   185 | D:3      | Noticed Ijyb
   194 | D:3      | Constricted to death by Ijyb

Illustrated notes

Levels and vault maps discovered:
D:1:      nzn_arrival_crosshair, layout_basic
D:2:      layout_basic, serial_aquarium, aquarium_bridge_long_separate
          [aquarium_subvault_wall, aquarium_subvault_wall,
          aquarium_subvault_bridge, aquarium_subvault_window,
          aquarium_subvault_bridge, aquarium_subvault_bridge],
          aquarium_bridge_square [aquarium_subvault_bridge,
          aquarium_subvault_wall, aquarium_subvault_bridge,
          aquarium_subvault_wall], aquarium_window_3, aquarium_window_fake,
          aquarium_window_fake, aquarium_view_2a, aquarium_view_2b,
          aquarium_balcony_3a, aquarium_pool_side,
          dreamdust_ecumenical_altar_angels_and_demons,
          minmay_indecisive_spiral, uniq_natasha, uniq_terence
D:3:      minmay_recursive_quarters, layout_basic, minmay_misc_feat_rows,
          minmay_circle_x, uniq_jessica, uniq_crazy_yiuf_cottage, uniq_ijyb
D:4:      layout_rooms

Skill      XL: |  1  2  3  4 |
---------------+-------------+-----
Necromancy     | 5 6 |  6.2
Dodging        | |  2.4
Stealth        | |  1.4
Spellcasting   | |  2.6

Action                     |  1- 3 |  4- 6 || total
---------------------------+-------+-------++-------
  Melee: Unarmed           |     3 |       ||     3
         Dagger            |       |    15 ||    15
   Cast: Necrotise         |    14 |     7 ||    21
         Vampiric Draining |       |     2 ||     2
 Armour: Robe              |       |     7 ||     7
  Dodge: Dodged            |     6 |     7 ||    13

Table legend: (Time is in decaauts)
 A = Elapsed time spent in this place.
 B = Non-inter-level travel time spent in this place.
 C = Inter-level travel time spent in this place.
 D = Time resting spent in this place.
 E = Time spent auto-exploring this place.
 F = Levels seen in this place.
 G = Mean time per level.
                   A        B        C        D        E       F      G
               +--------+--------+--------+--------+--------+-----+--------+
         Total |    193 |    193 |      0 |      0 |     42 |   4 |   48.2 |
       Dungeon |    193 |    193 |      0 |      0 |     42 |   4 |   48.2 |
               +--------+--------+--------+--------+--------+-----+--------+

Top non-repeatable levels by time:
     D:3: 121 daAuts
     D:2: 50 daAuts
     D:1: 20 daAuts
     D:4: 1 daAuts
